Map: Oceanborn LE

Players

Rogue

  • Race: Zerg Zerg
  • Spawn Location: 5:00

Solar - Winner!

  • Race: Zerg Zerg
  • Spawn Location: 11:00

Event: ESL Spring 2024 Finals

VOD

Have the link to the VOD?

Description

Time

  • Played on: May 31, 2024, 11:37 a.m.
  • Length: 5:55

All games in this series

Show
View Real Time Build Order
Export as new Build Order

Rogue Zerg 

Build Orders: Hatch First 

Get SALT Encoding   

  12  0:00  Drone  
  13  0:11  Overlord  
  13  0:16  Drone  
  14  0:30  Drone x2  
  16  0:48  Hatchery  
  15  0:50  Drone  
  15  0:53  Drone  
  18  0:57  Drone  
  18  1:07  Extractor  
  17  1:12  Spawning Pool  
  17  1:15  Drone  
  17  1:19  Drone  
  18  1:27  Drone  
  19  1:38  Drone  
  20  1:48  Drone  
  21  1:59  Queen  
  21  2:00  Zergling x2, Queen  
  21  2:01  Overlord  
  26  2:10  Drone  
  26  2:11  Drone  
  26  2:12  Metabolic Boost  
  28  2:21  Drone  
  28  2:22  Drone  
  30  2:32  Hatchery  
  30  2:35  Zergling x2  
  30  2:40  Drone  
  30  2:43  Drone  
  32  2:45  Drone  
  32  2:50  Baneling Nest  
  32  2:53  Overlord  
  32  2:56  Drone  
  33  3:04  Drone  
  34  3:05  Drone  
  34  3:10  Zergling x2  
  34  3:12  Drone x5  
  41  3:20  Queen  
  41  3:23  Overlord  
  41  3:27  Drone  
  44  3:33  Roach Warren  
  43  3:35  Drone  
  43  3:37  Baneling  
  44  3:43  Drone x3  
  44  3:44  Drone x3  
  50  3:49  Drone x2  
  50  3:51  Extractor  
  50  3:53  Zergling x4  
  53  3:55  Overlord  
  53  4:02  Drone x2  
  54  4:07  Overlord  
  54  4:13  Roach  
  54  4:14  Roach x3  
  62  4:17  Spine Crawler  
  62  4:18  Roach  
  62  4:19  Baneling  
  62  4:21  Roach  
  65  4:27  Roach x2  
  65  4:28  Roach  
  71  4:35  Roach  
  71  4:37  Overlord x2  
  73  4:39  Baneling x2  
  73  4:40  Baneling  
  73  4:44  Roach  
  72  4:47  Overlord  
  72  4:49  Roach  
  72  4:52  Roach  
  70  4:56  Zergling x6, Roach  
  70  4:58  Zergling x2  
  70  4:59  Zergling x2  
  70  5:01  Roach  
  70  5:05  Roach  
  70  5:08  Roach  
  70  5:10  Zergling x4  
  70  5:13  Roach  
  70  5:15  Queen  
  70  5:17  Zergling x2  
  70  5:19  Roach  
  68  5:23  Roach  
  68  5:26  Roach  
  69  5:30  Zergling x2  
  61  5:36  Roach  
Show
View Real Time Build Order
Export as new Build Order

Solar Zerg - Winner!

Build Orders: Hatch First 

Get SALT Encoding   

  12  0:00  Drone  
  13  0:13  Overlord  
  13  0:17  Drone  
  14  0:31  Drone x2  
  16  0:49  Hatchery  
  15  0:52  Drone  
  15  0:55  Drone  
  17  0:58  Drone  
  18  1:09  Extractor  
  17  1:13  Spawning Pool  
  17  1:16  Drone  
  17  1:19  Drone  
  18  1:29  Drone  
  19  1:39  Drone  
  20  1:51  Drone  
  21  2:01  Zergling x2, Queen x2  
  25  2:02  Overlord  
  26  2:09  Metabolic Boost  
  26  2:11  Drone  
  26  2:13  Drone  
  28  2:22  Drone, Zergling x2  
  30  2:34  Hatchery  
  30  2:36  Drone  
  30  2:38  Drone  
  32  2:44  Drone  
  32  2:51  Drone, Baneling Nest  
  33  2:55  Overlord  
  33  2:57  Drone  
  33  3:05  Roach Warren  
  32  3:07  Zergling x2  
  32  3:11  Drone  
  32  3:12  Drone  
  35  3:13  Zergling x2  
  35  3:15  Zergling x2  
  37  3:20  Overlord  
  37  3:24  Overlord  
  37  3:45  Roach  
  37  3:46  Roach x4  
  46  3:49  Roach x2  
  46  3:53  Roach  
  46  3:54  Zergling x4  
  54  3:58  Overlord  
  54  4:00  Zergling x2  
  55  4:03  Zergling x2  
  55  4:04  Zergling x2  
  55  4:06  Baneling  
  55  4:09  Zergling x4  
  59  4:12  Zergling x2  
  59  4:17  Zergling x6  
  63  4:19  Zergling x2  
  63  4:23  Baneling x2  
  63  4:24  Zergling x2  
  65  4:28  Overlord  
  65  4:33  Zergling x4  
  66  4:40  Zergling x6  
  68  4:49  Zergling x10  
  66  4:53  Zergling x2  
  66  4:54  Zergling x4  
  66  4:56  Zergling x2  
  65  5:00  Ravager  
  65  5:02  Zergling x4  
  63  5:07  Zergling x2  
  63  5:12  Zergling x2  
  63  5:13  Zergling x2  
  66  5:19  Zergling x2  
  62  5:23  Zergling x4  
  62  5:27  Zergling x2  
  64  5:29  Zergling x2  
  64  5:30  Zergling x6  
  64  5:33  Zergling x2  
  64  5:34  Zergling x2  
  65  5:36  Zergling x2  
Tags
 
Add a new tag
Caveats
  • Supply blocks, unpowered buildings, or Contaminate may cause inaccurate times.
  • Supply counts are checked every 10 seconds.